 Dungeon Crawl Stone Soup version 0.22-a0-126-g307c7c3 (webtiles) character file.

2353 KristoblXynda the Sneak (level 9, -3/117 HPs)
             Began as a Naga Gladiator on Jan 30, 2018.
             Was a Believer of Trog.
             Splashed by Psyche's acid (9 damage)
             ... on level 8 of the Dungeon.
             The game lasted 00:18:00 (7611 turns).

KristoblXynda the Sneak (Naga Gladiator)            Turns: 7611, Time: 00:18:02

Health: -3/117     AC: 24    Str: 17    XL:     9   Next: 43%
Magic:  9/9        EV:  1    Int: 15    God:    Trog [**....]
Gold:   250        SH:  4    Dex: 13    Spells: 8/8 levels left

rFire    + . .     SeeInvis +   a - +0 long sword
rCold    + . .     Gourm    .   (no shield)
rNeg     + + +     Faith    .   (armour currently unavailable)
rPois    +         Spirit   .   (helmet currently unavailable)
rElec    +         Reflect  +   (cloak currently unavailable)
rCorr    .         Harm     .   (gloves currently unavailable)
MR       +....     NoTele   +   (no barding)
Stlth    +++.......             n - +4 amulet of reflection
HPRegen  0.29/turn              b - +6 ring of intelligence
MPRegen  0.11/turn              g - ring "Suida" {rElec rF+ rC+ rN+}

@: tree-form (expiring)
A: large, see invisible, dopey 1, slow metabolism 1, spit poison 1, AC +3
a: Spit Poison, Berserk, Trog's Hand, Burn Spellbooks, Renounce Religion


You were on level 8 of the Dungeon.
You worshipped Trog.
Trog was pleased with you.
You were hungry.
You were a tree.
You visited 2 branches of the dungeon, and saw 9 of its levels.

You collected 437 gold pieces.
You spent 187 gold pieces at shops.

Inventory:

Hand Weapons
 a - a +0 long sword (weapon)
Missiles
 d - 4 throwing nets
 l - 3 javelins of returning (quivered)
Armour
 c - a +1 helmet (melded)
 h - a +2 cloak of poison resistance (melded)
 D - a +4 chain mail (melded)
Jewellery
 b - a +6 ring of intelligence (left branch)
 g - the ring "Suida" (right branch) {rElec rF+ rC+ rN+}
   (You found it on level 4 of the Dungeon)

   [ring of protection from fire]

   It protects you from fire.
   It protects you from cold.
   It insulates you from electricity.
   It protects you from negative energy.
 n - a +4 amulet of reflection (around neck)
Wands
 A - a wand of disintegration (15)
Scrolls
 i - 5 scrolls of remove curse
 m - a scroll of enchant armour
 o - a scroll of fear
 p - a scroll of fog
Potions
 e - a potion of magic
 j - 2 potions of heal wounds
 q - 2 potions of haste
 r - a potion of flight
 s - 2 potions of resistance
 u - a potion of lignification
 E - a potion of brilliance
Books
 C - a book of Necromancy

   Spells                             Type                      Level
   a - Pain                           Necromancy                   1
   b - Animate Skeleton               Necromancy                   1
   c - Vampiric Draining              Necromancy                   3
   d - Regeneration                   Charms/Necromancy            3
   e - Animate Dead                   Necromancy                   4
   Trog disapproves of the use of such an item.
Comestibles
 f - 19 rations


   Skills:
 + Level 4.0 Fighting
 + Level 7.2 Long Blades
 - Level 2.0 Throwing
 + Level 4.7 Armour
 + Level 5.7 Dodging
 - Level 7.2 Stealth


You had 8 spell levels left.
You didn't know any spells.

Dungeon Overview and Level Annotations

Branches:
Dungeon (8/15)             Temple (1/1) D:7            Lair (0/6) D:8

Altars:
Ashenzari
Cheibriados
Elyvilon
Fedhas
Gozag
Hepliaklqana
Kikubaaqudgha
Makhleb
Okawaru
Qazlal
Ru
Sif Muna
Trog
Uskayaw
Vehumet
Xom
The Shining One

Shops:
D:4 [   D:5 (   D:8 !

Annotations:
D:8 Psyche


Innate Abilities, Weirdness & Mutations

You cannot wear boots.
((Your serpentine skin is tough. (AC +3)))
You have supernaturally acute eyesight. (SInv)
((Armour fits poorly on your strangely shaped body.))
((Your system is resistant to poisons. (rPois)))
((You cover ground very slowly.))
You have a slow metabolism.
You can spit poison.
You are dopey. (Int -2)
((Your movements are slightly less encumbered by armour. (ER -2)))


Message History

The wolf is severely wounded.
The wolf bites you but does no damage. x2
You barely miss the wolf.
The wolf is severely wounded.
The wolf bites you but does no damage.
Psyche the Insane Magess comes into view.
She is wielding a dagger of chaos.
You miss the wolf.
The wolf is severely wounded.
The wolf barely misses you. The wolf bites you but does no damage.
You miss the wolf.
The wolf is severely wounded.
The wolf bites you but does no damage. x2
Psyche shouts!
You hit the wolf.
The wolf is almost dead.
Your transformation is almost over.
Psyche zaps a wand.
The bolt of acid hits you!
* * * LOW HITPOINT WARNING * * *
You are splashed with acid!
The acid burns!
You die...

####### #..,,,,,,,,,,,* ****,,
......# ###.#####******,***,,,,,
......# #..<....,,,,,,*,,,,,,,,,
......####....######**,*,,,,,,,,,
.......##...........,,,*,,,,,,,,,
../....##.)...#######***,,,,,,,,,
..)....##)###........,,,,,,,,,,,,
######.##.# #.###h######O****,***
#.##'###..)♣∩.......*,,,,,,*
#.#....#####.#.@#.##*,,,,,,*
######.#....# #.#,.#,,,+,,,,,,*
....>..#....# #..,,#,***,,,,,,*
########....###*###.,*+***,,,,,,*
................*,,..,,,,,,,,,,,,
#######.......#.#,**..,,,,,,,,,,,
#.......#,*,**...,,,,,,,,,,
#######.....###,*,**,*+***,,,,,,,


You could see Psyche and a wolf.

Vanquished Creatures
  Grum (D:8)
  2 porcupines (D:8)
  An ice beast (D:6)
  An orc warrior (D:7)
  A wolf (D:8)
  2 black bears
  A centaur (D:6)
  6 ogres
  A big kobold (D:8)
  4 bullfrogs
  2 scorpions
  A howler monkey (D:6)
  A hound (D:6)
  A centaur skeleton (D:6)
  4 orc wizards
  3 iguanas
  3 worker ants
  A howler monkey skeleton (D:4)
  7 adders
  4 oozes
  An adder zombie (D:7)
  3 worms
  2 dart slugs
  4 leopard geckos
  17 orcs
  9 bats
  5 giant cockroaches
  4 goblins
  9 hobgoblins
  5 jackals
  13 kobolds
  2 quokkas
  3 ball pythons
  5 frilled lizards
  A jackal zombie (D:6)
  A quokka zombie (D:8)
  7 rats
138 creatures vanquished.

Notes
Turn   | Place    | Note
-------+----------+-------------------------------------------
     0 | D:1      | KristoblXynda the Naga Gladiator began the quest for the Orb.
     0 | D:1      | Reached XP level 1. HP: 19/19 MP: 1/1
    56 | D:1      | Reached XP level 2. HP: 18/26 MP: 2/2
   496 | D:1      | Reached XP level 3. HP: 21/32 MP: 3/3
   721 | D:2      | Found a bloodstained altar of Trog.
  1017 | D:2      | Reached XP level 4. HP: 24/39 MP: 4/4
  1049 | D:2      | Reached skill level 1 in Stealth
  1172 | D:2      | Found a deep blue altar of Sif Muna.
  1471 | D:2      | Became a worshipper of Trog the Wrathful
  2569 | D:4      | Reached XP level 5. HP: 33/45 MP: 5/5
  2652 | D:4      | Got a faintly humming plate armour
  2653 | D:4      | Identified the cursed +0 plate armour of the Hanged Man {rC- Str+3 Dex+3} (You found it on level 4 of the Dungeon)
  2737 | D:4      | Found a transporter.
  2776 | D:4      | Reached skill level 1 in Armour
  3036 | D:4      | Found a transporter.
  3044 | D:4      | Gained mutation: You are dopey. (Int -2) [potion of mutation]
  3044 | D:4      | Gained mutation: Your movements are slightly less encumbered by armour. (ER -2) [potion of mutation]
  3264 | D:4      | Got a pitted golden ring
  3270 | D:4      | Identified the ring "Suida" {rElec rF+ rC+ rN+} (You found it on level 4 of the Dungeon)
  3277 | D:4      | Found Byegg's Antique Armour Shoppe.
  3282 | D:4      | Bought a glowing cloak for 187 gold pieces
  3718 | D:4      | Reached * piety under Trog
  3718 | D:4      | Reached XP level 6. HP: 23/52 MP: 6/6
  4082 | D:5      | Entered Level 5 of the Dungeon
  4444 | D:5      | Found Larulout's Weapon Boutique.
  4611 | D:5      | Reached skill level 5 in Long Blades
  4860 | D:6      | Noticed a black bear
  4865 | D:6      | Killed a black bear
  4865 | D:6      | Reached XP level 7. HP: 49/60 MP: 7/7
  5027 | D:6      | Reached skill level 5 in Stealth
  5223 | D:6      | Reached XP level 8. HP: 38/67 MP: 8/8
  6014 | D:7      | Found a snail-covered altar of Cheibriados.
  6181 | D:7      | Found a staircase to the Ecumenical Temple.
  6190 | D:7      | Found a shattered altar of Ashenzari.
  6225 | Temple   | Entered the Ecumenical Temple
  6500 | D:7      | Found a bloodstained altar of Trog.
  6778 | D:8      | Reached skill level 5 in Dodging
  6809 | D:8      | Reached ** piety under Trog
  7078 | D:8      | Reached XP level 9. HP: 74/74 MP: 9/9
  7515 | D:8      | Found Voniq's Distillery.
  7585 | D:8      | Noticed Grum
  7600 | D:8      | Killed Grum
  7609 | D:8      | Noticed Psyche
  7611 | D:8      | Splashed by Psyche's acid

Vault maps used:
D:1:      lemuel_arrival_cross, dk_noncrumbling_4
D:2:      marbit_many_paths, lemuel_coloured_pillars_altar
D:3:      first_ration, grunt_ministairs_12
D:4:      gammafunk_cloud_chamber, serial_shops, shop
D:5:      serial_shops, nicolae_shop_window_shopping
D:7:      old_standard_altar, overflow_temple_1_default,
          minmay_temple_entry_trees, grunt_ogre_cave, trog_hazing_becter
D:8:      nicolae_dithmenos_through_a_glass_darkly, overflow_temple_1_default,
          grunt_lair_entry_orc_guard_hut, serial_shops, shop, kennysheep_mini,
          nicolae_shop_behind_doors, nicolae_shop_crystal,
          nicolae_shop_statue_plus, uniq_psyche, uniq_grum
Temple:   cyrus_circular_temple

Skill      XL: |  1  2  3  4  5  6  7  8  9 |
---------------+----------------------------+-----
Throwing       | 2 |  2.0
Long Blades    | 4 5 6 7 |  7.2
Stealth        | 1 3 4 6 7 |  7.2
Dodging        | 3 4 5 |  5.7
Armour         | 1 2 3 4 |  4.7
Fighting       | 4 |  4.0

Action                   |  1- 3 |  4- 6 |  7- 9 || total
-------------------------+-------+-------+-------++-------
Melee: Long sword        |    93 |   203 |   356 ||   652
Throw: Throwing net      |       |     2 |       ||     2
Invok: Berserk           |       |       |     3 ||     3
       Trog's Hand       |       |       |     1 ||     1
 Abil: Spit Poison       |     7 |    10 |    17 ||    34
  Use: Scroll            |     6 |     5 |     9 ||    20
       Potion            |       |     5 |     4 ||     9
 Stab: Held in net/web   |       |     3 |       ||     3
       Sleeping          |       |     1 |     1 ||     2
  Eat: Chunk             |       |     4 |     5 ||     9
       Ration            |       |     2 |     2 ||     4
Armor: Leather armour    |     9 |       |       ||     9
       Ring mail         |    44 |    89 |   116 ||   249
       Chain mail        |       |       |   126 ||   126
       Skin              |       |       |    20 ||    20
Dodge: Dodged            |    55 |   115 |   218 ||   388
Block: Other             |       |     5 |    78 ||    83
       Reflection        |       |       |     1 ||     1
       Rpst.: Long sword |    16 |    30 |    59 ||   105

Table legend:
 A = Spawn XP
 B = Non-spawn XP
 C = Spawn XP percentage of total XP
 D = Spawn monster count
 E = Non-spawn monster count
 F = Spawn count percentage of total count
 G = Total turns spent on level
                    A         B        C        D         E        F      G
               +---------+---------+-------+---------+---------+-------+---------
         Total |       0 |    3362 |   0.0 |       0 |     138 |   0.0 |  7611
               +---------+---------+-------+---------+---------+-------+---------
           D:1 |       0 |      38 |   0.0 |       0 |      21 |   0.0 |   685
           D:2 |       0 |      70 |   0.0 |       0 |      16 |   0.0 |   739
           D:3 |       0 |      42 |   0.0 |       0 |      20 |   0.0 |   957
           D:4 |       0 |     239 |   0.0 |       0 |      14 |   0.0 |  1701
           D:5 |       0 |     236 |   0.0 |       0 |       7 |   0.0 |   884
           D:6 |       0 |     890 |   0.0 |       0 |      20 |   0.0 |  1040
           D:7 |       0 |     370 |   0.0 |       0 |      13 |   0.0 |   560
           D:8 |       0 |    1477 |   0.0 |       0 |      27 |   0.0 |   985
               +---------+---------+-------+---------+---------+-------+---------
